 Dungeon Crawl Stone Soup version 0.22-a0-352-gc608dd7 (webtiles) character file.

5370 RoseArtemis the Carver (level 10, 0/91 HPs)
             Began as a Minotaur Berserker on Apr 14, 2018.
             Was an Elder of Trog.
             Killed from afar by Fannar (14 damage)
             ... with a bolt of cold
             ... on level 10 of the Dungeon.
             The game lasted 00:30:22 (10273 turns).

RoseArtemis the Carver (Minotaur Berserker)        Turns: 10273, Time: 00:30:23

Health: 0/91       AC: 15    Str: 27    XL:     10   Next: 39%
Magic:  9/9        EV:  6    Int:  6    God:    Trog [****..]
Gold:   323        SH: 19    Dex: 11    Spells: 9/9 levels left

rFire    + . .     SeeInvis .   a - +1 scimitar
rCold    + . .     Gourm    .   d - +0 large shield
rNeg     . . .     Faith    .   e - +0 plate armour
rPois    .         Spirit   .   (helmet restricted)
rElec    .         Reflect  +   l - scarf {rC+ rF+}
rCorr    .         Harm     .   (no gloves)
MR       .....                  (no boots)
Stlth    ..........             r - +2 amulet of reflection
HPRegen  0.25/turn              i - +2 ring of protection
MPRegen  0.11/turn              (no ring)

@: mighty
A: retaliatory headbutt, horns 2
a: Berserk, Trog's Hand, Brothers in Arms, Renounce Religion


You were on level 10 of the Dungeon.
You worshipped Trog.
Trog was greatly pleased with you.
You were very hungry.

You visited 2 branches of the dungeon, and saw 11 of its levels.

You collected 621 gold pieces.
You spent 298 gold pieces at shops.

Inventory:

Hand Weapons
 a - a +1 scimitar (weapon)
Missiles
 t - 2 throwing nets (quivered)
Armour
 d - a +0 large shield (worn)
 e - a +0 plate armour (worn)
 l - a scarf of resistance (worn)
Jewellery
 i - a +2 ring of protection (left hand)
 r - a +2 amulet of reflection (around neck)
Wands
 o - a wand of iceblast (7)
Scrolls
 g - 4 scrolls of remove curse
 j - a scroll of fear
 m - a scroll of blinking
 p - 3 scrolls of teleportation
 q - a scroll of enchant weapon
 s - 2 scrolls of magic mapping
 y - a scroll of enchant armour
Potions
 b - a potion of mutation
 f - a potion of cancellation
 h - 5 potions of curing
 k - a potion of agility
 v - 2 potions of haste
 z - a potion of lignification
 B - a potion of degeneration {unknown}
Comestibles
 c - 32 rations
 n - 3 chunks of flesh


   Skills:
 + Level 9.1 Fighting
 * Level 12.0 Long Blades
 - Level 7.8 Armour
 + Level 5.5 Dodging
 + Level 7.1 Shields


You had 9 spell levels left.
You didn't know any spells.

Dungeon Overview and Level Annotations

Branches:
Dungeon (10/15)            Temple (1/1) D:7            Lair (0/6) D:9
    Orc: D:9-12

Altars:
Ashenzari
Cheibriados
Dithmenos
Elyvilon
Fedhas
Gozag
Hepliaklqana
Kikubaaqudgha
Makhleb
Nemelex Xobeh
Okawaru
Qazlal
Ru
Sif Muna
Trog
Uskayaw
Vehumet
Wu Jian
Xom
Yredelemnul
Zin
The Shining One

Shops:
D:7 [*!((

Annotations:
D:10 Fannar


Innate Abilities, Weirdness & Mutations

You reflexively headbutt those who attack you in melee.
You have a pair of horns on your head.


Message History

You block the ice beast's attack.
You closely miss the ice beast. Your headbutt misses the ice beast.
You block the ice beast's attack.
You barely miss the ice beast. You block the ice beast's attack.
You hit the ice beast. Your headbutt misses the ice beast.
The ice beast is lightly wounded.
The ice beast hits you.
* * * LOW HITPOINT WARNING * * *
The ice beast freezes you. You resist.
* * * LOW HITPOINT WARNING * * *
Fannar gestures wildly while chanting.
You slash the ice beast!
The ice beast is heavily wounded.
You block the ice beast's attack.
Your shield and plate armour prevent you from hitting the ice beast.
Your headbutt misses the ice beast.
The ice beast is heavily wounded.
Fannar casts a spell at you.
The bolt of cold misses the ice beast.
The bolt of cold hits you! You resist.
You die...

########## #.........
#......... #.........
+.........
#!ยง....... #Y####
#eY@.# #####)###
######### #.......#
#........ +.......###
#........
#.......'.###........
#.......#...+........
#.......#####........
#.......# #........
#.......# #..>.....


You could see Fannar and 2 ice beasts.

Vanquished Creatures
  A two-headed ogre (D:9)
  A manticore (D:9)
  The ghost of Amnesiac the Magician, an amateur DgCj (D:4)
  Grum (D:8)
  A water moccasin (D:9)
  A sky beast (D:5)
  Duvessa (D:7)
  5 orc warriors
  A black bear (D:8)
  2 wolves (D:8)
  7 ogres
  A centaur (D:6)
  2 big kobolds
  A gnoll sergeant (D:8)
  2 bullfrogs
  5 scorpions
  Dowan (D:7)
  4 howler monkeys
  4 wights (D:7)
  A crimson imp (D:5)
  4 hounds
  A centaur zombie (D:10)
  2 jellies
  3 orc priests (D:4)
  10 orc wizards
  A bullfrog skeleton (D:5)
  5 iguanas
  Jessica (D:2)
  8 worker ants
  A killer bee zombie (D:5)
  A hound skeleton (D:5)
  A hound zombie (D:9)
  A howler monkey zombie (D:7)
  10 gnolls
  A worker ant zombie (D:4)
  A howler monkey skeleton (D:5)
  13 adders
  3 shadow imps
  2 adder zombies
  2 worms (D:2)
  3 dart slugs
  5 leopard geckos
  40 orcs
  4 bats
  A giant cockroach (D:4)
  A goblin (D:3)
  4 hobgoblins
  11 jackals
  12 kobolds
  5 quokkas
  4 frilled lizards
  A jackal skeleton (D:4)
  2 quokka skeletons
  4 rats
  4 toadstools (D:1)
215 creatures vanquished.

Vanquished Creatures (others)
  A kobold (D:9)
1 creature vanquished.

Grand Total: 216 creatures vanquished

Notes
Turn   | Place    | Note
-------+----------+-------------------------------------------
     0 | D:1      | RoseArtemis the Minotaur Berserker began the quest for the Orb.
     0 | D:1      | Reached XP level 1. HP: 19/19 MP: 0/0
   439 | D:1      | Reached XP level 2. HP: 27/27 MP: 1/1
   644 | D:2      | Reached skill level 4 in Long Blades
   913 | D:2      | Reached XP level 3. HP: 33/33 MP: 2/2
   992 | D:2      | Noticed Jessica
   994 | D:2      | Killed Jessica
   994 | D:2      | Reached XP level 4. HP: 40/40 MP: 3/3
  1373 | D:3      | Reached ** piety under Trog
  1651 | D:3      | Found a shadowy altar of Dithmenos.
  2240 | D:3      | Noticed an ogre
  2242 | D:3      | Killed an ogre
  2242 | D:3      | Reached skill level 5 in Long Blades
  2242 | D:3      | Reached XP level 5. HP: 47/47 MP: 4/4
  2470 | D:4      | Found a blossoming altar of Fedhas.
  2550 | D:4      | Reached XP level 6. HP: 18/55 MP: 5/5
  2603 | D:4      | Reached skill level 6 in Long Blades
  2979 | D:4      | Reached skill level 5 in Fighting
  3381 | D:4      | Found a shimmering altar of Xom.
  3383 | D:4      | Found a glowing golden altar of the Shining One.
  3631 | D:4      | Reached XP level 7. HP: 61/61 MP: 6/6
  3929 | D:4      | Noticed Amnesiac's ghost (amateur DgCj)
  3939 | D:4      | Killed Amnesiac's ghost
  3939 | D:4      | Reached skill level 7 in Long Blades
  3939 | D:4      | Reached skill level 5 in Armour
  3939 | D:4      | Reached skill level 1 in Shields
  4033 | D:5      | Entered Level 5 of the Dungeon
  4147 | D:5      | Found a deep blue altar of Sif Muna.
  4265 | D:5      | Got a smoking lead ring
  4349 | D:5      | Identified the ring "Cuawn" {*Corrode Str+2 Int+6 SInv} (You found it on level 5 of the Dungeon)
  4352 | D:5      | Identified the +5 flail "Quqydof" {drain, +Rage MR++ Dex+2 Stlth+} (You found it on level 5 of the Dungeon)
  4466 | D:5      | Reached skill level 8 in Long Blades
  4466 | D:5      | Reached XP level 8. HP: 70/70 MP: 7/7
  4863 | D:5      | Found a sparkling altar of Nemelex Xobeh.
  4994 | D:5      | Reached *** piety under Trog
  5364 | D:6      | Reached skill level 9 in Long Blades
  5491 | D:6      | Found Zin's Purification Station.
  5494 | D:6      | Found a glowing silver altar of Zin.
  5499 | D:6      | Bought a potion of curing for 90 gold pieces
  5684 | D:6      | Found a bloodstained altar of Trog.
  5716 | D:6      | Found an opulent altar of Gozag.
  6083 | D:6      | Reached XP level 9. HP: 51/79 MP: 8/8
  6372 | D:7      | Found Jodaango's Weapon Boutique.
  6375 | D:7      | Found Umim's Weapon Boutique.
  6521 | D:7      | Found Foafuist's General Store.
  6533 | D:7      | Bought a +2 amulet of reflection for 120 gold pieces
  6557 | D:7      | Noticed Duvessa
  6557 | D:7      | Noticed Dowan
  6563 | D:7      | Killed Duvessa
  6564 | D:7      | Killed Dowan
  6906 | D:7      | Reached skill level 10 in Long Blades
  6908 | D:7      | Found Boickaff's Distillery.
  6912 | D:7      | Reached skill level 5 in Shields
  6934 | D:7      | Bought a potion of curing for 33 gold pieces
  6934 | D:7      | Bought a potion of heal wounds for 55 gold pieces
  6941 | D:7      | Found Qeocu's Antique Armour Shop.
  6960 | D:7      | Found a staircase to the Ecumenical Temple.
  6972 | Temple   | Entered the Ecumenical Temple
  7347 | D:8      | Reached **** piety under Trog
  7634 | D:8      | Noticed Grum
  7648 | D:8      | Killed Grum
  8124 | D:8      | Found a deep blue altar of Sif Muna.
  8142 | D:8      | Found an ancient bone altar of Kikubaaqudgha.
  8160 | D:8      | Found a radiant altar of Vehumet.
  8533 | D:9      | Reached skill level 11 in Long Blades
  8831 | D:9      | Noticed a two-headed ogre
  8845 | D:9      | Killed a two-headed ogre
  8845 | D:9      | Reached XP level 10. HP: 59/90 MP: 9/9
  9188 | D:9      | Reached skill level 5 in Dodging
  9338 | D:9      | Found a sacrificial altar of Ru.
  9340 | D:9      | Found a snail-covered altar of Cheibriados.
  9503 | D:9      | Found a staircase to the Lair.
  9727 | D:9      | Noticed a manticore
  9733 | D:9      | Killed a manticore
 10053 | D:10     | Entered Level 10 of the Dungeon
 10173 | D:10     | Reached skill level 12 in Long Blades
 10208 | D:10     | Noticed Fannar
 10273 | D:10     | Killed from afar by Fannar

Vault maps used:
D:1:      ldierk_water_garden
D:2:      minmay_misc_feat_enclosed, uniq_jessica
D:3:      nicolae_dithmenos_through_a_glass_darkly
D:4:      cheibrodos_quashed, lemuel_crystal_altar, tso_altar,
          lemuel_crystal_altar, first_ration
D:5:      nemelex_xobeh_ov_fountains_minmay, led_sif_book
D:6:      bloody_trog, grunt_gozag_statues, zin_purify, minivault_26
D:7:      temple_statues, serial_shops, nicolae_shop_statue_plus, shop, shop,
          nicolae_shop_stone, shop, grunt_ogre_cave, uniq_duvessa
D:8:      palyth_temple_overflow_mages, uniq_grum
D:9:      chequers_temple_overflow_statue_of_worship, lair_entry_dummy
D:10:     uniq_snorg, uniq_nergalle, uniq_fannar
Temple:   jpeg_temple_island

Skill      XL: |  1  2  3  4  5  6  7  8  9 10 |
---------------+-------------------------------+-----
Long Blades    | 4 5 6 8 9 11 12 | 12.0
Fighting       | 4 5 6 7 8 9 |  9.1
Armour         | 3 4 5 6 7 |  7.8
Dodging        | 3 4 5 |  5.5
Shields        | 2 4 6 7 |  7.1

Action                   |  1- 3 |  4- 6 |  7- 9 | 10-12 || total
-------------------------+-------+-------+-------+-------++-------
Melee: Falchion          |    35 |   116 |   194 |       ||   345
       Headbutt          |     6 |    22 |    78 |    32 ||   138
       Scimitar          |       |       |   225 |   113 ||   338
       Long sword        |       |       |       |    27 ||    27
Throw: Throwing net      |       |       |     2 |       ||     2
Invok: Berserk           |     1 |     8 |    14 |     2 ||    25
       Trog's Hand       |       |     1 |     2 |     2 ||     5
  Use: Scroll            |       |     4 |    15 |     1 ||    20
       Potion            |       |     1 |       |     2 ||     3
  Eat: Chunk             |     1 |    15 |    28 |     3 ||    47
       Ration            |       |       |     1 |     1 ||     2
Armor: Animal skin       |     1 |    25 |       |       ||    26
       Leather armour    |       |     3 |    31 |       ||    34
       Plate armour      |       |       |   117 |    42 ||   159
Dodge: Dodged            |    24 |    80 |    70 |    14 ||   188
Block: Large shield      |       |       |   289 |   121 ||   410
       Reflection        |       |       |       |     6 ||     6
       Rpst.: Falchion   |     7 |    24 |    12 |       ||    43
       Scimitar          |       |       |     7 |     1 ||     8

Table legend:
 A = Spawn XP
 B = Non-spawn XP
 C = Spawn XP percentage of total XP
 D = Spawn monster count
 E = Non-spawn monster count
 F = Spawn count percentage of total count
 G = Total turns spent on level
                    A         B        C        D         E        F      G
               +---------+---------+-------+---------+---------+-------+---------
         Total |       0 |    7672 |   0.0 |       0 |     212 |   0.0 | 10273
               +---------+---------+-------+---------+---------+-------+---------
           D:1 |       0 |      12 |   0.0 |       0 |       7 |   0.0 |   594
           D:2 |       0 |      95 |   0.0 |       0 |      16 |   0.0 |   736
           D:3 |       0 |     151 |   0.0 |       0 |      11 |   0.0 |  1138
           D:4 |       0 |     784 |   0.0 |       0 |      42 |   0.0 |  1565
           D:5 |       0 |     950 |   0.0 |       0 |      24 |   0.0 |  1278
           D:6 |       0 |     823 |   0.0 |       0 |      22 |   0.0 |  1051
           D:7 |       0 |     700 |   0.0 |       0 |      13 |   0.0 |   839
           D:8 |       0 |    1208 |   0.0 |       0 |      33 |   0.0 |  1074
           D:9 |       0 |    2512 |   0.0 |       0 |      37 |   0.0 |  1539
          D:10 |       0 |     437 |   0.0 |       0 |       7 |   0.0 |   220
               +---------+---------+-------+---------+---------+-------+---------
